 Dungeon Crawl Stone Soup version 0.29.1-12-g30fa7ad0bf (webtiles) character file.

Game seed: 627013750572257053

247 wormed the Cudgeller (level 5, -2/47 HPs)
             Began as a Minotaur Fighter on Dec 21, 2022.
             Slain by Natasha (10 damage)
             ... on level 3 of the Dungeon.
             The game lasted 00:03:11 (2281 turns).

wormed the Cudgeller (Minotaur Fighter)             Turns: 2281, Time: 00:03:11

Health: -2/47      AC:  9    Str: 23    XL:     5   Next: 85%
Magic:  4/4        EV:  7    Int:  5    God:
Gold:   152        SH:  4    Dex:  9    Spells: 4/4 levels left

rFire   . . .      SeeInvis +   a - +0 flail
rCold   . . .      Faith    .   c - +0 buckler
rNeg    . . .      Spirit   .   d - +0 chain mail
rPois   .          Reflect  .   (helmet restricted)
rElec   .          Harm     .   (no cloak)
rCorr   .          Rampage  .   (no gloves)
Will    .....                   (no boots)
Stlth   ..........              (no amulet)
HPRegen 0.15/turn               f - ring of see invisible
MPRegen 0.09/turn               (no ring)

@: no status effects
A: horns 2, retaliatory headbutt
a: no special abilities


You were on level 3 of the Dungeon.
You visited 1 branch of the dungeon, and saw 3 of its levels.

You collected 152 gold pieces.

Inventory:

Hand Weapons
 a - a +0 flail (weapon)
Armour
 c - a +0 buckler (worn)
 d - a +0 chain mail (worn)
Jewellery
 f - a ring of see invisible (left hand)
 j - a +6 ring of intelligence
 q - a ring of wizardry
Wands
 k - a wand of iceblast (10)
 r - a wand of light (3)
Scrolls
 e - a scroll of enchant armour {unknown}
 h - 4 scrolls of identify {unknown}
 l - a scroll of blinking {unknown}
 m - a scroll of enchant weapon {unknown}
 o - a scroll of vulnerability {unknown}
 p - a scroll of immolation {unknown}
Potions
 b - a potion of flight {unknown}
 g - a potion of heal wounds {unknown}
 i - a potion of invisibility {unknown}
 n - a potion of berserk rage {unknown}


   Skills:
 + Level 4.8 Fighting
 * Level 5.0 Maces & Flails
 + Level 4.8 Armour
 + Level 4.8 Shields


You had 4 spell levels left.
You didn't know any spells.
Your spell library contained the following spells:

 Spells                   Type           Power      Damage    Failure   Level
 Necrotise                Necr           0%         1d4       99%         1
 Shock                    Conj/Air       0%         1d3       99%         1
 Static Discharge         Conj/Air       0%         3-3/arc   100%        2
 Swiftness                Air            0%         N/A       100%        3
 Vampiric Draining        Necr           0%         2d6       100%        3
 Airstrike                Air            0%         2d(0-16)  100%        4
 Leda's Liquefaction      Hex/Erth       0%         N/A       100%        4
 Agony                    Necr           0%         N/A       100%        5
 Lee's Rapid Deconstruct  Erth           0%         3d5*      100%        5
 Lightning Bolt           Conj/Air       0%         1d11      100%        5
 Dispersal                Tloc           0%         N/A       100%        6
 Statue Form              Tmut/Erth      0%         N/A       100%        6
 Disjunction              Tloc           0%         N/A       100%        8
 Maxwell's Capacitive Co  Air            0%         ∞         100%        8


Dungeon Overview and Level Annotations

Branches:
Dungeon (3/15)

Altars:

Annotations:
D:3 Natasha


Innate Abilities, Weirdness & Mutations

You have a pair of horns on your head.
You reflexively headbutt those who attack you in melee.


Message History

You kill the orc wizard!
Natasha drinks a potion.
Natasha seems to grow stronger.
You closely miss the orc. The orc completely misses you.
You furiously retaliate!
You headbutt the orc!
You kill the orc!
The orc priest hits you but does no damage.
The orc hits you with a +0 club.
You hit the orc priest.
The orc priest is lightly wounded.
The orc priest calls down the wrath of Beogh upon you.
You barely resist. The orc hits you with a +0 club.
You hit the orc priest.
The orc priest is lightly wounded.
The orc priest barely misses you. The orc hits you but does no damage.
You barely miss the orc priest.
The orc priest is lightly wounded.
The orc priest hits you but does no damage.
The orc hits you with a +0 club.
You hit the orc priest.
The orc priest is heavily wounded.
The orc priest hits you but does no damage.
The orc hits you but does no damage. You block the orc's attack.
The orc priest hits you with a +0 club.
You hit the orc priest.
The orc priest is almost dead.
The orc priest hits you with a +0 club. You block the orc's attack.
You hit the orc priest but do no damage.
The orc priest is almost dead.
The orc priest mumbles some strange prayers to Beogh against you.
Beogh smites you!
* * * LOW HITPOINT WARNING * * *
The orc hits you but does no damage.
You hit the orc. You headbutt the orc.
You kill the orc!
The orc priest closely misses you.
You hit the orc priest.
You kill the orc priest!
Your Maces & Flails skill increases to level 5!
You barely miss Natasha. Natasha claws you!
You die...

...#.#.# ###.....+
#....#.# #.#####
#...##.# #.# #
#...##.#####+##
#...##.........
#...##.........
#...##.........
#..............
#@.####........
....'.h)...........##
....#.##############
.. #. ### # #.. #..
###.. #.... ###..


You could see Natasha (strong).

Vanquished Creatures
  2 orc priests (D:3)
  Ijyb (D:3)
  Terence (D:2)
  An iguana (D:3)
  An orc wizard (D:3)
  An adder (D:2)
  An adder zombie (D:3)
  2 worms (D:2)
  2 dart slugs (D:1)
  2 orcs (D:3)
  9 ball pythons
  7 bats
  6 endoplasms
  3 giant cockroaches
  4 hobgoblins
  4 jackals (D:1)
  2 quokkas
  A ball python zombie (D:3)
  5 frilled lizards
  3 goblins
  3 kobolds
  2 rats
63 creatures vanquished.

Notes
Turn   | Place    | Note
-------+----------+-------------------------------------------
     0 | D:1      | wormed the Minotaur Fighter began the quest for the Orb.
     0 | D:1      | Reached XP level 1. HP: 19/19 MP: 0/0
   133 | D:1      | Reached XP level 2. HP: 27/27 MP: 1/1
   213 | D:1      | Reached skill level 3 in Maces & Flails
   416 | D:1      | Reached XP level 3. HP: 30/33 MP: 2/2
   808 | D:1      | Found a faded altar of an unknown god.
  1142 | D:2      | Noticed Terence
  1159 | D:2      | Killed Terence
  1160 | D:2      | Reached XP level 4. HP: 8/40 MP: 3/3
  1482 | D:2      | Reached skill level 4 in Maces & Flails
  2111 | D:3      | Noticed Ijyb
  2119 | D:3      | Killed Ijyb
  2218 | D:3      | Reached XP level 5. HP: 41/47 MP: 4/4
  2265 | D:3      | Noticed Natasha
  2281 | D:3      | Reached skill level 5 in Maces & Flails
  2281 | D:3      | Slain by Natasha

Illustrated notes

Levels and vault maps discovered:
D:1:      saegor_arrival_miasma, layout_basic,
          hellmonk_ecumenical_altar_leap_of_faith, minmay_hexomino_p4
D:2:      layout_loops_cross, uniq_terence
D:3:      layout_basic, serial_undead, serial_undead_c, serial_undead_f,
          serial_undead_b, serial_undead_f, uniq_ijyb, uniq_natasha

Skill      XL: |  1  2  3  4  5 |
---------------+----------------+-----
Maces & Flails | 3 4 5 |  5.0
Armour         | 4 |  4.8
Fighting       | 4 |  4.8
Shields        | 4 |  4.8

Action                   |  1- 3 |  4- 6 || total
-------------------------+-------+-------++-------
Melee: Flail             |    69 |    80 ||   149
       Headbutt          |     4 |    12 ||    16
  Use: Potion            |     1 |       ||     1
Armor: Scale mail        |    38 |       ||    38
       Chain mail        |       |    41 ||    41
Dodge: Dodged            |    40 |    38 ||    78
Block: Buckler           |    17 |    18 ||    35
